 Dungeon Crawl Stone Soup version 0.31-a0-466-g98c9adc2b6 (webtiles) character file.

Game seed: 16710025238593670468

194 avis the Scratcher (level 5, 0/36 HPs)
             Began as a Felid Shapeshifter on Aug 6, 2023.
             Slain by Edmund
             ... wielding a +2 dire flail of venom
              (2 damage)
             ... on level 4 of the Dungeon.
             The game lasted 00:16:17 (3155 turns).

avis the Scratcher (Felid Shapeshifter)             Turns: 3155, Time: 00:16:17

Health: 0/36       AC: 22    Str: 13    XL:     5   Next: 44%
Magic:  6/6        EV:  4    Int: 10    God:
Gold:   166        SH:  0    Dex: 22    Spells: 4/4 levels left
                                        Lives:  0   Deaths: 1

rFire   . .          .
                       - Unarmed
rCold   . . .        (shield unavailable)
rNeg    . . .        (body armour unavailable)
rPois   +            (helmet unavailable)
rElec   .            (cloak unavailable)
rCorr   .            (gloves unavailable)
SInv    +            (boots unavailable)
Will    .....        (no amulet)
Stlth   ++           g - +6 ring of dexterity
HPRegen 0.26/turn    (no ring)
MPRegen 0.10/turn

%: no passive effects
@: lethally poisoned (0 -> -16), tree-form
A: stationary, stasis, torment immunity, boosted hp, very small, (claws 1),
(fangs 3), see invisible, (speed 1), (shaggy fur 2), (stealthy paws), no weapons
or thrown items, no armour, multi-lived
a: no special abilities


You were on level 4 of the Dungeon.
You were a tree.
You visited 1 branch of the dungeon, and saw 4 of its levels.

You collected 166 gold pieces.

Inventory:

Jewellery
 g - a +6 ring of dexterity (left branch)
 k - a ring of see invisible
 n - an amulet of faith
 p - a +6 ring of intelligence
Talismans
 b - a beast talisman
 c - a beast talisman
Scrolls
 d - a scroll of teleportation {unknown}
 e - a scroll of revelation {unknown}
 f - 3 scrolls of identify {unknown}
 i - a scroll of amnesia {unknown}
 j - 2 scrolls of enchant armour {unknown}
Potions
 h - 3 potions of enlightenment
 o - a potion of mutation {unknown}


   Skills:
 * Level 3.4 Fighting
 + Level 3.4 Dodging
 - Level 6.0 Unarmed Combat
 - Level 3.2 Shapeshifting


You had 4 spell levels left.
You didn't know any spells.
Your spell library contained the following spells:

 Spells                   Type           Power      Damage    Failure   Level
 Dazzling Flash           Conj/Hex       0%         N/A       75%         3
 Discord                  Hex            0%         N/A       100%        8


Dungeon Overview and Level Annotations

Branches:
Dungeon (4/15)
 Temple: D:4-7

Altars:
Xom

Shops:
D:2 ?

Annotations:
D:4 Edmund


Innate Abilities, Weirdness & Mutations

You are a tree.
Your roots penetrate the ground, keeping you stationary.
You cannot be teleported.
You are immune to unholy pain and torment.
Your maximum health is greatly increased.
((You have sharp claws.))
((You have razor-sharp teeth.))
You have supernaturally acute eyesight. (SInv)
((You cover ground quickly. (Speed+)))
((You are covered in thick fur. (AC +2)))
((Your paws help you pounce on unaware monsters.))
You are incapable of wielding weapons or throwing items.
You cannot wear armour.
You gain extra lives every three experience levels.


Message History

You hit Edmund.
Edmund is lightly wounded.
Edmund hits you but does no damage.
You are poisoned.
You smack Edmund!
Edmund is moderately wounded.
You feel very sick.
Edmund hits you with a +2 dire flail of venom.
You barely miss Edmund.
Edmund is moderately wounded.
You feel sick.
Edmund hits you with a +2 dire flail of venom.
You are more poisoned.
It was a potion of enlightenment.
Your roots keep you in place.
You feel very sick.
Edmund hits you with a +2 dire flail of venom.
* * * LOW HITPOINT WARNING * * *
It was a potion of magic.
Magic courses through your body.
* * * LOW HITPOINT WARNING * * *
You feel very sick. Edmund barely misses you.
It was a potion of curing.
You feel better.
Your enlightenment fades.
Edmund hits you with a +2 dire flail of venom.
* * * LOW HITPOINT WARNING * * *
You are lethally poisoned!
You hit Edmund but do no damage.
Edmund is moderately wounded.
* * * LOW HITPOINT WARNING * * *
You feel very sick.
Edmund says, "People accused me of being a cutpurse!"
Edmund hits you with a +2 dire flail of venom.
* * * LOW HITPOINT WARNING * * *
You are more poisoned.
You hit Edmund.
Edmund is heavily wounded.
* * * LOW HITPOINT WARNING * * *
You feel very sick.
Edmund hits you with a +2 dire flail of venom.
You die...

#. #.## #.. ####...
#.##+##### #.....#
#.#......# #.....#
..#.#......# #.....#
#..#.#.>....#
#.....####.)#.#......#
#...@....#..#.#......#
########♣##.#..#.##.#####
#.....(...#.#..#.....#
#.###....##.#..####..#
#.'....'...........#
#.#....##.#.##.##..####
#.###.....#........>...
#.###.########.##.#####
#.....# #.##.##
.######### #.##..##


You could see Edmund.

Vanquished Creatures
  A water moccasin (D:4)
  2 hounds (D:4)
  An iguana (D:4)
  Robin (D:4)
  An adder (D:3)
  4 gnolls
  A white imp (D:4)
  2 worms (D:2)
  An orc (D:2)
  6 bats
  6 endoplasms
  3 giant cockroaches
  5 hobgoblins
  7 jackals
  3 kobolds
  3 quokkas
  5 ball pythons
  A frilled lizard (D:1)
  12 goblins
  5 rats
70 creatures vanquished.

Notes
Turn   | Place    | Note
-------+----------+-------------------------------------------
     0 | D:1      | avis the Felid Shapeshifter began the quest for the Orb.
     0 | D:1      | Reached XP level 1. HP: 9/9 MP: 2/2
   104 | D:1      | You fall into a shaft and drop 1 floor!
   152 | D:2      | Reached XP level 2. HP: 13/13 MP: 3/3
   549 | D:1      | Reached XP level 3. HP: 17/17 MP: 4/4
  1050 | D:2      | Found Edikkoj's Magic Scroll Boutique.
  1714 | D:3      | Found a faded altar of an unknown god.
  1751 | D:3      | Found a snail-covered altar of Cheibriados.
  1753 | D:3      | Found a hide-covered altar of Uskayaw.
  1753 | D:3      | Found a shimmering altar of Xom.
  1755 | D:3      | Found a stormy altar of Qazlal.
  1755 | D:3      | Found a snail-covered altar of Cheibriados.
  1755 | D:3      | Found a glowing silver altar of Zin.
  1903 | D:4      | Reached XP level 4. HP: 17/21 MP: 5/5
  1982 | D:4      | Reached skill level 4 in Unarmed Combat
  1988 | D:4      | Got the Collected Works on Bad Luck
  2329 | D:4      | Reached skill level 5 in Unarmed Combat
  2329 | D:4      | Reached XP level 5. HP: 9/24 MP: 6/6
  2383 | D:4      | Noticed Robin
  2480 | D:4      | Killed Robin
  2552 | D:4      | Noticed a water moccasin
  2560 | D:4      | Killed a water moccasin
  2561 | D:4      | Reached skill level 6 in Unarmed Combat
  2561 | D:4      | Gained mutation: You are covered in thick fur. (AC +2)
                  | [Felid growth]
  2561 | D:4      | Reached XP level 6. HP: 18/28 MP: 7/7
  2625 | D:4      | Noticed Edmund
  2635 | D:4      | HP: 1/28 [Edmund/+2 dire flail of venom (17)]
  2636 | D:4      | Succumbed to Edmund's poison
  2637 | D:4      | Reached XP level 5. HP: -2/36 MP: 6/6
  3155 | D:4      | Slain by Edmund

Illustrated notes

Levels and vault maps discovered:
D:1:      spicycebolla_arrival_risky_transporter, layout_rooms
D:2:      layout_loops_ring, serial_shops, shop
D:3:      layout_rooms, doesnt_xom_only_xom, basic_ecumenical_altar
D:4:      layout_basic, uniq_robin, uniq_edmund

Skill      XL: |  1  2  3  4  5 |
---------------+----------------+-----
Fighting       | 2 3 |  3.4
Dodging        | 3 |  3.4
Unarmed Combat | 5 6 |  6.0
Shapeshifting  | |  3.2

Action                     |  1- 3 |  4- 6 || total
---------------------------+-------+-------++-------
  Melee: Unarmed           |    93 |    89 ||   182
         Bite              |     6 |    12 ||    18
         Punch             |     4 |     3 ||     7
    Use: Potion            |       |     5 ||     5
   Stab: Sleeping          |     4 |     2 ||     6
 Armour: Skin              |       |     3 ||     3
  Dodge: Dodged            |    71 |    55 ||   126

Table legend: (Time is in decaauts)
 A = Elapsed time spent in this place.
 B = Non-inter-level travel time spent in this place.
 C = Inter-level travel time spent in this place.
 D = Time resting spent in this place.
 E = Time spent auto-exploring this place.
 F = Levels seen in this place.
 G = Mean time per level.
                   A        B        C        D        E       F      G
               +--------+--------+--------+--------+--------+-----+--------+
         Total |   2654 |   2394 |    260 |    393 |   1288 |   4 |  663.5 |
       Dungeon |   2654 |   2394 |    260 |    393 |   1288 |   4 |  663.5 |
               +--------+--------+--------+--------+--------+-----+--------+

Top non-repeatable levels by time:
     D:4: 1020 daAuts
     D:2: 682 daAuts
     D:1: 523 daAuts
     D:3: 427 daAuts
